 Dungeon Crawl Stone Soup version 0.30-a0-965-g42e074c17a (webtiles) character file.

Game seed: 1889445652188552595

6546 cforsyth the Basher (level 11, -6/92 HPs)
             Began as a Formicid Fighter on Mar 30, 2023.
             Was an Initiate of Ru.
             Killed from afar by an acid dragon (27 damage)
             ... with a splash of acid
             ... on level 9 of the Dungeon.
             The game lasted 00:15:45 (12232 turns).

cforsyth the Basher (Formicid Fighter)             Turns: 12232, Time: 00:15:45

Health: -6/92      AC: 15    Str: 25    XL:     11   Next: 20%
Magic:  11/11      EV:  8    Int:  8    God:    Ru [......]
Gold:   408        SH:  5    Dex: 13    Spells: 10/10 levels left

rFire   . . .      SeeInvis +    A - +2 whip (freeze)
rCold   . . .      Faith    .    c - +0 buckler
rNeg    . . .      Spirit   .    s - +4 chain mail
rPois   +          Reflect  .    (helmet unavailable)
rElec   .          Rampage  .    m - +0 cloak
rCorr   .                        b - +0 pair of gloves
Will    +....                    (no boots) Stlth
                                 (no amulet)
HPRegen 0.35/turn                l - +4 ring of slaying
MPRegen 0.12/turn                e - ring of poison resistance

@: mighty
A: permanent stasis, dig shafts and tunnels, antennae 3, four strong arms
a: Dig, Shaft Self, Renounce Religion


You were on level 9 of the Dungeon.
You worshipped Ru.
Ru was noncommittal.
You visited 2 branches of the dungeon, and saw 10 of its levels.

You collected 408 gold pieces.

Inventory:

Hand Weapons
 a - a +0 flail
 y - a +0 morningstar
 A - a +2 whip of freezing (weapon)
Missiles
 u - a throwing net
Armour
 b - a +0 pair of gloves (worn)
 c - a +0 buckler (worn)
 m - a +0 cloak (worn)
 s - a +4 chain mail (worn)
Jewellery
 e - a ring of poison resistance (right hand)
 l - a +4 ring of slaying (left hand)
 D - a ring of willpower
Wands
 v - a wand of polymorph (4)
 B - a wand of mindburst (3)
 C - a wand of iceblast (1)
Scrolls
 f - a scroll of fear
 h - 2 scrolls of identify
 o - 2 scrolls of poison
 p - 6 scrolls of enchant weapon
 q - 5 scrolls of immolation
 r - a scroll of enchant armour
 w - 2 scrolls of fog
Potions
 d - a potion of might
 g - 2 potions of curing
 i - a potion of heal wounds
 j - 2 potions of magic
 k - a potion of brilliance
 n - 3 potions of lignification
 t - a potion of flight
 x - a potion of cancellation
 z - a potion of attraction


   Skills:
 + Level 10.9 Fighting
 * Level 13.4 Maces & Flails
 - Level 3.2 Armour
 - Level 4.0 Shields


You had 10 spell levels left.
You didn't know any spells.
Your spell library contained the following spells:

 Spells                   Type           Power      Damage    Failure   Level
 Apportation              Tloc           0%         N/A       98%         1
 Necrotise                Necr           0%         1d4       98%         1
 Summon Small Mammal      Summ           0%         N/A       98%         1


Dungeon Overview and Level Annotations

Branches:
Dungeon (9/15)             Temple (1/1) D:6            Lair (0/5) D:8
    Orc: D:9-12

Altars:
Cheibriados
Dithmenos
Elyvilon
Fedhas
Gozag
Hepliaklqana
Kikubaaqudgha
Makhleb
Nemelex Xobeh
Okawaru
Qazlal
Ru
Sif Muna
Trog
Uskayaw
Vehumet
Wu Jian
Xom
Yredelemnul
Zin
The Shining One

Shops:
D:3 !   D:7 ?


Innate Abilities, Weirdness & Mutations

You cannot be hasted, slowed, berserked, paralysed or teleported.
You can dig through walls and to a lower floor.
You have a pair of large antennae on your head. (SInv)
Your four strong arms can wield two-handed weapons with a shield.


Message History

* * * LOW HITPOINT WARNING * * *
Things that are here:
a +0 dagger; a +0 robe The yak attacks as you move away!
The yak gores you!
* * * LOW HITPOINT WARNING * * *
You barely miss the yak. You barely miss the yak.
The yak gores you but does no damage.
You feel much better. The yak gores you but does no damage.
You whack the yak! You freeze the yak.
The yak is heavily wounded.
You hit the yak. You freeze the yak.
The yak is heavily wounded.
The yak gores you but does no damage.
You hit the yak. You freeze the yak.
The yak is severely wounded.
You whack the yak! You freeze the yak.
The yak is almost dead.
You block the yak's attack.
You whack the yak! You freeze the yak.
You kill the yak!
A two-headed ogre comes into view. It is wielding two +0 giant clubs.
The two-headed ogre shouts in stereo!
The acid dragon spits acid at you. The splash of acid hits you!
* * * LOW HITPOINT WARNING * * *
Things that are here:
a +0 dagger; a +0 robe; a yak corpse You whack the acid dragon!
You freeze the acid dragon.
The acid dragon is severely wounded.
The acid dragon barely misses you. The acid dragon claws you.
* * * LOW HITPOINT WARNING * * *
Okay, then.
Okay, then.
Unknown command.
As you read the scroll of fear, it crumbles to dust.
You assume a fearsome visage.
The two-headed ogre looks frightened!
The acid dragon looks frightened!
The acid dragon spits acid at you. The splash of acid hits you!!
You die...

......))......# ###..
#.>.#...#...## #.....
###...........## #.Y....
#.....####.....######YYKY...
## #....##
#...#......!....... #..
#....# #...########.......
..###....# #...# .{.....
.........# #...# ..{....


You could see a two-headed ogre (fleeing) and an acid dragon (fleeing, catching
breath).

Vanquished Creatures
  A two-headed ogre (D:9)
  Pikel (D:4)
  Maggie (D:6)
  A hornet (D:7)
  9 yaks
  Edmund (D:4)
  3 wargs (D:7)
  Duvessa (D:4)
  A water moccasin (D:5)
  2 black bears
  3 orc warriors
  2 ice beasts
  4 sky beasts
  A phantom (D:6)
  4 lemures (D:4)
  A kobold brigand (D:6)
  Blork the orc (D:5)
  4 bullfrogs
  3 wights
  Dowan (D:4)
  4 howler monkeys
  A crimson imp (D:5)
  2 jellies
  2 gnoll boudas
  3 hounds
  9 orc priests
  2 sleepcaps
  8 orc wizards
  5 iguanas
  Robin (D:5)
  8 adders
  10 gnolls
  A shadow imp (D:6)
  2 white imps
  An ufetubus (D:5)
  2 worms
  3 dart slugs
  40 orcs
  10 ball pythons
  4 bats
  7 endoplasms
  6 giant cockroaches
  14 goblins
  11 hobgoblins
  3 jackals (D:2)
  4 quokkas
  3 frilled lizards
  2 hobgoblin zombies (D:5)
  11 kobolds
  2 kobold skeletons (D:5)
  2 orc skeletons (D:5)
  2 orc zombies (D:5)
  4 rats
234 creatures vanquished.

Vanquished Creatures (others)
  A plant (D:8)
1 creature vanquished.

Grand Total: 235 creatures vanquished

Notes
Turn   | Place    | Note
-------+----------+-------------------------------------------
     0 | D:1      | cforsyth the Formicid Fighter began the quest for the Orb.
     0 | D:1      | Reached XP level 1. HP: 18/18 MP: 1/1
    53 | D:1      | Reached XP level 2. HP: 6/24 MP: 2/2
   239 | D:1      | Reached XP level 3. HP: 28/30 MP: 3/3
   243 | D:1      | Reached skill level 3 in Maces & Flails
   738 | D:2      | Identified the +0 leather armour "Hoonwin" {rElec rN+
                  | Int+2}
   745 | D:2      | Reached XP level 4. HP: 37/37 MP: 4/4
  1211 | D:2      | Found a shadowy altar of Dithmenos.
  1474 | D:3      | Reached skill level 4 in Maces & Flails
  1474 | D:3      | Reached XP level 5. HP: 27/42 MP: 5/5
  1708 | D:3      | Found a faded altar of an unknown god.
  1804 | D:3      | Found Azunn's Distillery.
  2133 | D:3      | Found an iron altar of Okawaru.
  2133 | D:3      | Found a burning altar of Makhleb.
  2133 | D:3      | Found a stormy altar of Qazlal.
  2157 | D:3      | Found an opulent altar of Gozag.
  2306 | D:4      | Noticed a black bear
  2321 | D:4      | Killed a black bear
  2322 | D:4      | Reached skill level 5 in Maces & Flails
  2322 | D:4      | Reached XP level 6. HP: 17/50 MP: 6/6
  2659 | D:4      | Reached skill level 5 in Fighting
  2954 | D:4      | Reached XP level 7. HP: 7/56 MP: 7/7
  3149 | D:4      | Noticed Pikel
  3373 | D:4      | Noticed Edmund
  3399 | D:4      | Killed Edmund
  3400 | D:4      | Reached skill level 6 in Maces & Flails
  3561 | D:4      | You fall into a shaft and drop 3 floors!
  3646 | D:6      | Noticed a yak
  3646 | D:6      | Noticed a yak
  3646 | D:6      | Noticed a yak
  3646 | D:6      | Noticed a yak
  3646 | D:6      | Noticed a yak
  3672 | D:7      | Killed a yak
  4112 | D:6      | Reached skill level 7 in Maces & Flails
  4112 | D:6      | Reached XP level 8. HP: 61/64 MP: 8/8
  4378 | D:6      | Found a sparkling altar of Nemelex Xobeh.
  4496 | D:6      | Found a staircase to the Ecumenical Temple.
  4512 | Temple   | Entered the Ecumenical Temple
  5236 | D:5      | Entered Level 5 of the Dungeon
  5304 | D:4      | Noticed Duvessa
  5304 | D:4      | Noticed Dowan
  5562 | D:4      | Killed Duvessa
  5563 | D:4      | Reached skill level 8 in Maces & Flails
  5573 | D:4      | Killed Dowan
  5949 | D:4      | Noticed Robin
  5973 | D:5      | Killed Robin
  6387 | D:5      | Identified the +2 leather armour "Emyrrij" {Str-5 Int+7
                  | Dex+2}
  6510 | D:5      | Noticed Blork the orc
  6511 | D:5      | Reached XP level 9. HP: 69/72 MP: 9/9
  6522 | D:5      | Killed Blork the orc
  6899 | D:5      | Reached skill level 9 in Maces & Flails
  7025 | D:5      | Found a glowing golden altar of the Shining One.
  7411 | D:7      | HP: 2/74 [yak (12)]
  8413 | D:4      | Killed Pikel
  8414 | D:4      | Reached skill level 10 in Maces & Flails
  8692 | D:6      | Reached XP level 10. HP: 48/82 MP: 10/10
  9080 | D:7      | Noticed Maggie
  9080 | D:7      | Found a radiant altar of Vehumet.
  9093 | D:6      | Reached skill level 11 in Maces & Flails
  9502 | D:6      | Killed Maggie
 10040 | D:7      | Found Hathus's Magic Scroll Emporium.
 10589 | D:8      | Found an ancient bone altar of Kikubaaqudgha.
 10602 | D:8      | Reached skill level 12 in Maces & Flails
 10840 | D:7      | Reached skill level 10 in Fighting
 11127 | D:8      | Found a glowing silver altar of Zin.
 11197 | D:8      | Found a staircase to the Lair.
 11488 | D:8      | Found a sacrificial altar of Ru.
 11519 | D:8      | Found a blossoming altar of Fedhas.
 11728 | D:8      | Became a worshipper of Ru the Awakened
 12101 | D:9      | Found a shimmering altar of Xom.
 12125 | D:9      | Noticed a two-headed ogre
 12138 | D:9      | Killed a two-headed ogre
 12139 | D:9      | Reached skill level 13 in Maces & Flails
 12139 | D:9      | Reached XP level 11. HP: 67/92 MP: 11/11
 12230 | D:9      | Noticed a two-headed ogre
 12232 | D:9      | Killed from afar by an acid dragon

Illustrated notes

Levels and vault maps discovered:
D:1:      dpeg_arrival_orchard, layout_basic, minmay_tiny_reverse_x
D:2:      layout_basic, basic_altar, st_stairs_14
D:3:      layout_rooms, grunt_temple_overflow_cloverleaf, serial_shops,
          nicolae_shop_hallway_plus, serial_curves, eino_curves_01,
          eino_curves_01, hellmonk_ecumenical_altar_lost_god,
          kennysheep_generic_room_11
D:4:      layout_basic, uniq_edmund, uniq_pikel, uniq_duvessa, uniq_robin
D:5:      minmay_recursive_quarters, layout_loops_ring,
          nicolae_tso_besieged_by_evil, uniq_blork_the_orc
D:6:      layout_basic, nicolae_overflow_crystal_walls,
          minmay_temple_entry_slanted
D:7:      layout_loops_ring, mainiacjoe_overflow_concentric_impassable,
          serial_shops, nicolae_shop_trees, uniq_maggie
D:8:      layout_cave_pods, lemuel_tele_altar, fedhas_altar_3, zin_treasury,
          nicolae_ru_awakened_eye, erik_lair_orcish_takeover
D:9:      layout_rooms, ashenzari_altar_1, mainiacjoe_overflow_boulevard,
          enter_bailey_2
Temple:   compressed_dpeg_triangle_lava_temple

Skill      XL: |  1  2  3  4  5  6  7  8  9 10 |
---------------+-------------------------------+-----
Maces & Flails | 3 4 5 7 8 10 13 | 13.4
Fighting       | 4 5 6 7 8 10 | 10.9
Armour         | |  3.2
Shields        | |  4.0

Action                     |  1- 3 |  4- 6 |  7- 9 | 10-12 || total
---------------------------+-------+-------+-------+-------++-------
  Melee: Flail             |    64 |   150 |   334 |       ||   548
         Whip              |       |       |    29 |   355 ||   384
         Morningstar       |       |       |    28 |       ||    28
  Evoke: Wand              |       |     2 |     1 |       ||     3
    Use: Potion            |       |       |     5 |     2 ||     7
         Scroll            |       |       |       |    17 ||    17
 Armour: Scale mail        |    24 |    68 |       |       ||    92
         Chain mail        |       |    20 |   206 |   116 ||   342
  Dodge: Dodged            |    39 |    76 |   123 |    84 ||   322
  Block: Buckler           |    24 |    51 |    65 |    51 ||   191

Table legend: (Time is in decaauts)
 A = Elapsed time spent in this place.
 B = Non-inter-level travel time spent in this place.
 C = Inter-level travel time spent in this place.
 D = Time resting spent in this place.
 E = Time spent auto-exploring this place.
 F = Levels seen in this place.
 G = Mean time per level.
                   A        B        C        D        E       F      G
               +--------+--------+--------+--------+--------+-----+--------+
         Total |  12142 |  11651 |    491 |   3247 |   6231 |  10 | 1214.2 |
       Dungeon |  11809 |  11323 |    486 |   3247 |   5910 |   9 | 1312.1 |
        Temple |    332 |    327 |      5 |      0 |    321 |   1 |  332.0 |
               +--------+--------+--------+--------+--------+-----+--------+

Top non-repeatable levels by time:
     D:4: 2177 daAuts
     D:7: 2124 daAuts
     D:6: 2109 daAuts
     D:5: 1452 daAuts
     D:8: 1112 daAuts
     D:3: 1028 daAuts
     D:1: 920 daAuts
     D:2: 724 daAuts
  Temple: 332 daAuts
     D:9: 160 daAuts
